 Dungeon Crawl Stone Soup version 0.29-a0-1016-g236c7fd91e (webtiles) character file.

Game seed: 9605057638828826342

25294 miscthings the Cleaver (level 13, 0/108 HPs)
             Began as a Meteoran Artificer on Aug 9, 2022.
             Was an Elder of the Shining One.
             Engulfed by a cloud of freezing vapour (4 damage)
             ... in an ice cave.
             The game lasted 00:36:50 (8561 turns).

miscthings the Cleaver (Meteoran Artificer)         Turns: 8561, Time: 00:36:51

Health: 0/108      AC: 13    Str: 18    XL:     13   Next: 86%
Magic:  17/19      EV: 16    Int: 14    God:    the Shining One [****..]
Gold:   771        SH: 15    Dex: 15    Spells: 12/12 levels left

rFire   . . .      SeeInvis .   F - +0 whip (elec)
rCold   + . .      Faith    .   N - +0 buckler
rNeg    + + .      Spirit   .   G - +2 leather armour {rC+}
rPois   +          Reflect  .   E - +1 helmet
rElec   .          Harm     .   y - +0 cloak
rCorr   .          Rampage  .   J - +0 pair of gloves
Will    +....                   v - +0 pair of boots
Stlth   +.........              u - amulet of the acrobat
HPRegen 0.28/turn               p - ring of poison resistance
MPRegen 0.16/turn               (no ring)

@: divinely shielded, glowing
A: sense surroundings 2, otherworldly, glowing, explore regen, low MP 1,
mutation resistance 1
a: Renounce Religion, Divine Shield, Cleansing Flame


You were in an ice cave.
You worshipped the Shining One.
The Shining One was greatly pleased with you.
You visited 3 branches of the dungeon, and saw 16 of its levels.
You also visited: Ice Cave.

You collected 771 gold pieces.

Inventory:

Hand Weapons
 r - a +0 war axe
 F - a +0 whip of electrocution (weapon)
Missiles
 D - 2 throwing nets
 K - 3 curare-tipped darts (quivered)
 Q - 7 javelins
Armour
 v - a +0 pair of boots (worn)
 y - a +0 cloak (worn)
 z - +0 fire dragon scales
 E - a +1 helmet (worn)
 G - a +2 leather armour of cold resistance (worn)
 J - a +0 pair of gloves (worn)
 N - a +0 buckler (worn)
 P - a +0 kite shield
 R - a +4 scale mail
Magical Staves
 A - a staff of air
Jewellery
 p - a ring of poison resistance (left hand)
 u - an amulet of the acrobat (around neck)
 C - a +6 ring of intelligence
Wands
 c - a wand of flame (35)
 f - a wand of roots (2)
Scrolls
 a - 3 scrolls of amnesia
 d - a scroll of poison {unknown}
 i - 2 scrolls of enchant armour
 k - 3 scrolls of blinking
 l - 4 scrolls of enchant weapon
 m - a scroll of summoning {unknown}
 n - a scroll of butterflies {unknown}
 t - 3 scrolls of vulnerability
 x - a scroll of teleportation
 H - a scroll of fear {unknown}
 L - a scroll of magic mapping {unknown}
 M - a scroll of immolation {unknown}
Potions
 b - a potion of resistance
 e - a potion of attraction {unknown}
 g - 4 potions of flight
 h - 6 potions of lignification
 j - 4 potions of curing
 o - 5 potions of heal wounds
 s - 2 potions of brilliance
 w - 3 potions of haste
 B - 2 potions of mutation
 I - 3 potions of magic


   Skills:
 + Level 8.4 Fighting
 + Level 13.1(14.2) Axes
 - Level 9.9(13.3) Maces & Flails
 - Level 2.3 Throwing
 + Level 9.5 Armour
 + Level 9.1 Dodging
 - Level 0.6 Stealth
 + Level 4.4 Shields
 + Level 9.5 Invocations
 + Level 10.1 Evocations


You had 12 spell levels left.
You didn't know any spells.
Your spell library contained the following spells:

 Spells                   Type           Power      Damage    Failure   Level
 Apportation              Tloc           0%         N/A       41%         1
 Sandblast                Erth           0%         2d4       41%         1
 Sting                    Tmut/Pois      0%         1d3       41%         1
 Ensorcelled Hibernation  Hex/Ice        0%         N/A       54%         2
 Passwall                 Tmut/Erth      0%         N/A       54%         2
 Poisonous Vapours        Pois/Air       0%         N/A       54%         2
 Sublimation of Blood     Necr           0%         N/A       54%         2
 Wereblood                Tmut           0%         N/A       54%         2
 Dazzling Flash           Conj/Hex       0%         N/A       78%         3
 Frozen Ramparts          Ice            0%         1d1       78%         3
 Ignite Poison            Fire/Tmut/Pois 0%         N/A       78%         3
 Mephitic Cloud           Conj/Pois/Air  0%         N/A       78%         3
 Ozocubu's Armour         Ice            0%         N/A       78%         3
 Stone Arrow              Conj/Erth      0%         3d7       78%         3
 Summon Guardian Golem    Hex/Summ       0%         N/A       78%         3
 Swiftness                Air            0%         N/A       78%         3
 Anguish                  Hex/Necr       0%         N/A       99%         4
 Animate Armour           Summ/Erth      0%         N/A       99%         4
 Ice Form                 Ice/Tmut       0%         N/A       99%         4
 Iskenderun's Mystic Bla  Conj/Tloc      0%         2d3       99%         4
 Olgreb's Toxic Radiance  Pois           0%         N/A       99%         4
 Summon Ice Beast         Ice/Summ       0%         N/A       99%         4
 Alistair's Intoxication  Tmut/Pois      0%         N/A       100%        5
 Freezing Cloud           Conj/Ice/Air   0%         6-21      100%        5
 Starburst                Conj/Fire      0%         6d3       100%        6
 Enfeeble                 Hex            0%         N/A       100%        7
 Orb of Destruction       Conj           0%         9d5       100%        7
 Ozocubu's Refrigeration  Ice            0%         4d7       100%        7
 Spellforged Servitor     Conj/Summ      0%         N/A       100%        7
 Summon Hydra             Summ           0%         N/A       100%        7
 Lehudib's Crystal Spear  Conj/Erth      0%         10d2      100%        8


Dungeon Overview and Level Annotations

Branches:
Dungeon (12/15) Zot: 481   Temple (1/1) D:6 Zot: 494    Lair (2/5) D:11 Zot: 1056
  IceCv (1/1) Zot: 178
  Swamp: Lair:2-3    Shoals: Lair:2-3     Snake: Lair:2-3    Spider: Lair:2-3
    Orc: D:9-12

Altars:
Ashenzari
Cheibriados
Dithmenos
Elyvilon
Fedhas
Gozag
Hepliaklqana
Kikubaaqudgha
Makhleb
Okawaru
Qazlal
Ru
Trog
Uskayaw
Vehumet
Wu Jian
Xom
Zin
The Shining One
Jiyva

Shops:
D:1 =   D:7 :   D:9 :

Portals:
Trove: D:10 (show abyssal rune of Zot)

Annotations:
D:6 2 transporters, bchevrier's ghost, novice GnWn
D:10 3 runed translucent doors, lembark's ghost, journeyman DsCj IceCv exclusion: ice statue


Innate Abilities, Weirdness & Mutations

You passively map the area around you.
You are easily found by Zot.
You glow in the dark.
You regain HP and MP as you explore.
Your magical capacity is low. (-10% MP)
You are somewhat resistant to further mutation.


Message History

Okay, then.
There is an ice covered gate leading back out of this place here.
You hear the crackle of electricity.
F - a +0 whip of electrocution (weapon)
A naga simulacrum comes into view.
You hit the naga simulacrum.
The naga simulacrum is lightly damaged.
You whack the naga simulacrum!
Lightning courses through the naga simulacrum!
The naga simulacrum vaporises!
The Shining One accepts your kill.
Really walk into that cloud of freezing vapour?
Okay, then.
A death yak simulacrum comes into view.
Your shield is strengthened by the Shining One's divine power.
You hit the death yak simulacrum but do no damage.
You hit the death yak simulacrum but do no damage.
You block the death yak simulacrum's attack.
You hit the death yak simulacrum but do no damage.
You hit the death yak simulacrum.
The death yak simulacrum is lightly damaged.
The death yak simulacrum gores you but does no damage.
You whack the death yak simulacrum!
Lightning courses through the death yak simulacrum!
The death yak simulacrum is heavily damaged.
You completely miss the death yak simulacrum.
The death yak simulacrum is heavily damaged.
You hit the death yak simulacrum.
The death yak simulacrum is severely damaged.
You are engulfed in freezing vapours.
You resist. The death yak simulacrum gores you!
* * * LOW HITPOINT WARNING * * *
The death yak simulacrum freezes you!! You resist.
* * * LOW HITPOINT WARNING * * *
You hit the death yak simulacrum.
Lightning courses through the death yak simulacrum!
The death yak simulacrum vaporises!
The Shining One accepts your kill.
You are engulfed in freezing vapours.
You resist.
You die...

##.....## * , ,
* ##...## , ,,
,, #...## *####
* ##...#
*#...#* ,
##...# ..... ,,
, ##...##
*......* ,
#...######....#
~
#..##§§§#§§...#
, , ##..#§○☼@☼#
*,, ##..§##§##
####..##### * ,
, ,
#.#....#8### *
,,, ,
#..........#
~** *
#............ *
~
#.............
##..........#.
, *,
#..........## ,


There were no monsters in sight!

Vanquished Creatures
  A hydra (Lair:1)
  A boulder beetle (Lair:1)
  2 two-headed ogres
  A centaur warrior (D:12)
  Urug (D:11)
  Nergalle (Lair:1)
  An orc knight (D:12)
  2 orc sorcerers
  A manticore (D:11)
  An ugly thing (D:12)
  2 cyclopes
  Joseph (D:8)
  3 elephants (Lair:1)
  An ice statue (IceCv)
  A gargoyle (D:10)
  A cane toad (Lair:1)
  4 kobold demonologists (D:10)
  Psyche (D:9)
  A rime drake (Lair:4)
  A komodo dragon (Lair:4)
  An ice devil (IceCv)
  3 trolls
  A polar bear (D:8)
  Prince Ribbit (D:7)
  A shadow (D:12)
  A vampire (D:10)
  A wraith (D:12)
  A dire elephant simulacrum (IceCv)
  2 wyverns
  20 yaks
  2 basilisks (Lair:1)
  2 death yak simulacra
  14 wargs
  Duvessa (D:7)
  A hell hound (D:10)
  5 water moccasins
  5 orc warriors
  3 ice beasts
  4 sky beasts (D:7)
  3 black bears
  2 centaurs (D:7)
  An ogre (D:5)
  2 necrophages
  7 kobold brigands
  8 bullfrogs
  2 scorpions
  9 gnoll sergeants
  A cane toad simulacrum (IceCv)
  3 wights (D:7)
  Dowan (D:7)
  An elephant simulacrum (Lair:4)
  10 killer bees
  An electric eel (Lair:1)
  7 howler monkeys
  8 gnoll boudas
  3 hounds
  7 orc priests
  An iguana (D:4)
  Ijyb (D:3)
  14 orc wizards
  2 polar bear simulacra (Lair:4)
  A spriggan simulacrum (IceCv)
  A troll simulacrum (IceCv)
  A wolf simulacrum (IceCv)
  31 gnolls
  8 adders
  4 naga simulacra (IceCv)
  3 shadow imps
  A white imp (D:7)
  An ufetubus (D:6)
  A worm (D:2)
  5 dart slugs
  31 orcs
  6 ball pythons
  4 bats
  10 endoplasms
  4 giant cockroaches
  4 goblins
  3 hobgoblins
  3 jackals (D:5)
  14 kobolds
  2 frilled lizards
  4 rats
333 creatures vanquished.

Vanquished Creatures (collateral kills)
  An orange crystal statue (D:11)
  A kobold demonologist (D:10)
  A hound (D:6)
  An orc wizard (D:10)
  An orc (D:7)
5 creatures vanquished.

Vanquished Creatures (others)
  A cyclops (D:10)
  A steam dragon (D:8)
  A water moccasin (D:7)
  2 centaurs
  A gnoll sergeant (D:10)
  A scorpion (D:6)
  A rat (D:2)
  13 fungi
  5 plants
26 creatures vanquished.

Grand Total: 364 creatures vanquished

Notes
Turn   | Place    | Note
-------+----------+-------------------------------------------
     0 | D:1      | miscthings the Meteoran Artificer began the quest for the
                  | Orb.
     0 | D:1      | Reached XP level 1. HP: 16/16 MP: 2/2
    48 | D:1      | Reached XP level 2. HP: 17/23 MP: 3/3
    91 | D:1      | Found Capupn's Jewellery Shoppe.
   279 | D:2      | Reached XP level 3. HP: 14/28 MP: 4/4
   349 | D:2      | Reached skill level 1 in Throwing
   936 | D:3      | Noticed Ijyb
   938 | D:3      | Killed Ijyb
   939 | D:3      | Reached XP level 4. HP: 36/36 MP: 5/5
  1056 | D:3      | Reached XP level 5. HP: 37/41 MP: 6/6
  1272 | D:3      | You fall into a shaft and drop 2 floors!
  1272 | D:5      | Entered Level 5 of the Dungeon
  1393 | D:5      | Gained mutation: Your magical capacity is low. (-10% MP)
                  | [potion of mutation]
  1393 | D:5      | Gained mutation: You occasionally lose the ability to read
                  | scrolls when taking damage. [potion of mutation]
  1393 | D:5      | Gained mutation: Your muscles are strong. (Str +4, Int/Dex
                  | -1) [potion of mutation]
  1394 | D:5      | Lost mutation: You occasionally lose the ability to read
                  | scrolls when taking damage. [potion of mutation]
  1394 | D:5      | Lost mutation: Your muscles are strong. (Str +4, Int/Dex
                  | -1) [potion of mutation]
  1394 | D:5      | Gained mutation: You are somewhat resistant to further
                  | mutation. [potion of mutation]
  1456 | D:5      | Reached skill level 1 in Axes
  1549 | D:4      | Reached skill level 2 in Axes
  1575 | D:4      | Reached skill level 3 in Axes
  1575 | D:4      | Reached XP level 6. HP: 46/48 MP: 6/6
  1636 | D:4      | Noticed a black bear
  1648 | D:4      | Killed a black bear
  1649 | D:4      | Reached skill level 5 in Axes
  1772 | D:4      | Reached XP level 7. HP: 55/55 MP: 7/7
  2103 | D:5      | Reached skill level 6 in Axes
  2491 | D:5      | Reached skill level 7 in Axes
  2544 | D:6      | Reached XP level 8. HP: 43/61 MP: 8/8
  2546 | D:6      | Found a staircase to the Ecumenical Temple.
  2584 | D:6      | Reached skill level 8 in Axes
  2639 | D:6      | Reached skill level 9 in Axes
  2689 | Temple   | Entered the Ecumenical Temple
  2766 | Temple   | Became a worshipper of the Shining One
  2956 | D:6      | Reached skill level 1 in Maces & Flails
  2988 | D:6      | Gained mutation: You passively map the area around you.
                  | [Meteoran growth]
  2988 | D:6      | Reached XP level 9. HP: 61/67 MP: 9/9
  3110 | D:6      | Noticed bchevrier's ghost (novice GnWn)
  3111 | D:6      | Found a transporter.
  3129 | D:6      | Found a transporter.
  3157 | D:7      | Noticed Prince Ribbit
  3176 | D:7      | Killed Prince Ribbit
  3394 | D:7      | Noticed Duvessa
  3394 | D:7      | Reached * piety under the Shining One
  3409 | D:7      | Killed Duvessa
  3410 | D:7      | Noticed Dowan
  3413 | D:7      | Killed Dowan
  3523 | D:7      | Reached XP level 10. HP: 58/74 MP: 10/10
  3587 | D:7      | Reached skill level 1 in Invocations
  3592 | D:7      | Reached skill level 10 in Axes
  3676 | D:7      | Reached skill level 5 in Evocations
  3987 | D:7      | Found Zytzeatze's Book Emporium.
  4175 | D:7      | Reached skill level 5 in Armour
  4241 | D:8      | Reached ** piety under the Shining One
  4386 | D:8      | Noticed Joseph
  4391 | D:8      | Noticed a two-headed ogre
  4398 | D:8      | a two-headed ogre changed into a polar bear
  4415 | D:8      | Reached XP level 11. HP: 80/85 MP: 13/13
  4434 | D:8      | Killed Joseph
  4435 | D:8      | Reached skill level 5 in Dodging
  4687 | D:9      | Noticed a two-headed ogre
  4698 | D:9      | Killed a two-headed ogre
  4699 | D:9      | Reached skill level 11 in Axes
  4699 | D:9      | Reached skill level 5 in Invocations
  4867 | D:9      | Found Taip's Self-Improvement Boutique.
  5052 | D:9      | Reached skill level 5 in Fighting
  5127 | D:9      | Noticed Psyche
  5129 | D:9      | Killed Psyche
  5313 | D:10     | Entered Level 10 of the Dungeon
  5324 | D:10     | Found a portal to a secret trove of treasure.
  5351 | D:10     | Noticed a two-headed ogre
  5362 | D:10     | Killed a two-headed ogre
  5375 | D:10     | Found a white marble altar of Elyvilon.
  5674 | D:10     | Reached XP level 12. HP: 57/96 MP: 16/16
  5879 | D:10     | Reached *** piety under the Shining One
  5912 | D:10     | Reached skill level 12 in Axes
  5965 | D:10     | HP: 2/97 [orc warrior/bolt (11)]
  6130 | D:10     | Found a runed translucent gate.
  6130 | D:10     | Found a runed translucent gate.
  6130 | D:10     | Found a runed translucent gate.
  6131 | D:10     | Noticed lembark's ghost (journeyman DsCj)
  6137 | D:10     | Found a viscous altar of Jiyva.
  6620 | D:11     | Found a staircase to the Lair.
  6622 | D:11     | Noticed Urug
  6631 | D:11     | Killed Urug
  6646 | D:11     | Reached skill level 1 in Shields
  6773 | D:11     | Noticed an orange crystal statue
  6816 | D:11     | Killed an orange crystal statue
  6843 | D:11     | Reached XP level 13. HP: 105/105 MP: 18/18
  7084 | D:12     | Noticed a centaur warrior
  7102 | D:12     | Killed a centaur warrior
  7261 | Lair:1   | Entered Level 1 of the Lair of Beasts
  7261 | Lair:1   | Noticed a five-headed hydra
  7268 | Lair:1   | Killed a five-headed hydra
  7307 | Lair:1   | Reached **** piety under the Shining One
  7337 | Lair:1   | Noticed a boulder beetle
  7368 | Lair:1   | Killed a boulder beetle
  7831 | Lair:1   | Glimpsed the power of Zot.
  7886 | Lair:1   | Glimpsed the power of Zot.
  7911 | Lair:1   | Noticed Nergalle
  7928 | Lair:1   | Killed Nergalle
  7929 | Lair:1   | Reached skill level 13 in Axes
  7967 | Lair:2   | You fall into a shaft and drop 2 floors!
  7979 | Lair:4   | Reached skill level 10 in Evocations
  8039 | Lair:4   | Found a frozen archway.
  8109 | IceCv    | Entered an ice cave
  8560 | IceCv    | HP: 4/108 [death yak simulacrum (20)]
  8561 | IceCv    | Engulfed by a cloud of freezing vapour

Illustrated notes

Levels and vault maps discovered:
D:1:      giann_bridges, layout_basic, serial_shops, shop
D:2:      minmay_evil_eye, layout_loops_ring
D:3:      layout_rooms, uniq_ijyb
D:4:      layout_loops_ring, minmay_quantized
D:5:      layout_basic
D:6:      layout_rooms, minmay_temple_entry_sparse_star, gammafunk_ghost_arena
D:7:      minmay_octagon_keep, layout_basic, serial_shops,
          nicolae_shop_temple_entry_statues_fountains,
          dreamdust_mushroom_princess, uniq_prince_ribbit1, uniq_duvessa
D:8:      layout_rooms, uniq_joseph
D:9:      layout_gridville, kennysheep_orc_monster_closet_entryway,
          solitary_fountain, nicolae_shop_self_help, uniq_psyche
D:10:     lemuel_castle_with_subvaults [lemuel_castle_interior_carwin_2],
          layout_irregular_city, mainiacjoe_overflow_brackets,
          gammafunk_ghost_ooze, enter_trove_0, chequers_serial_rivers_micro_e
D:11:     layout_cave_pools, lair_entry_dummy, serial_co_window_serial,
          co_window_corner_a, co_window_paths_a, co_window_corner_a,
          co_window_corner_a, co_window_cross_1, co_window_cross_4,
          co_window_unsneaky_path_a, co_window_2corner, co_window_corner_b,
          glass_columns_a, minivault_16, uniq_urug
D:12:     layout_cave_pools, lightli_minifort
Temple:   compressed_dpeg_circular_temple
Lair:1:   layout_cave_pods, serial_bayou_shore_a, grunt_megastairs_3,
          uniq_nergalle
Lair:2:   nzn_winding_woodlands_three_and_one
          [nzn_winding_woodlands_5x15_longhouse,
          nzn_winding_woodlands_5x15_garden,
          nzn_winding_woodlands_5x15_river_crossing,
          nzn_winding_woodlands_center_diamonds], layout_loops_ring,
          minmay_shoals_entry_centaurs, infiniplex_staircase_pool_2,
          lemuel_fruit_tree, uniq_erica
Lair:4:   layout_roguey, nicolae_slime_entry_slimehenge,
          portal_ice_cave_entry_ice_simulacra
IceCv:    ice_cave_small_demon

Skill      XL: |  1  2  3  4  5  6  7  8  9 10 11 12 13 |
---------------+----------------------------------------+-----
Throwing       | 1 2 |  2.3
Evocations     | 4 6 7 9 10 | 10.1
Dodging        | 2 4 6 7 9 |  9.1
Fighting       | 2 4 6 7 8 |  8.4
Armour         | 3 5 7 8 9 |  9.5
Axes           | 3 5 7 9 10 11 12 13 | 13.1
Maces & Flails | 3 9 |  9.9
Invocations    | 4 6 8 9 |  9.5
Shields        | 1 4 |  4.4
Stealth        | |  0.6

Action                   |  1- 3 |  4- 6 |  7- 9 | 10-12 | 13-15 || total
-------------------------+-------+-------+-------+-------+-------++-------
Melee: Club              |    87 |     5 |       |       |       ||    92
       Dagger            |       |    26 |       |       |       ||    26
       Mace              |       |    54 |   139 |       |       ||   193
       Short sword       |       |    15 |       |       |       ||    15
       Whip              |       |       |   148 |   803 |   397 ||  1348
       Punch             |       |       |     5 |    11 |       ||    16
       War axe           |       |       |       |       |    25 ||    25
Throw: Boomerang         |    14 |     1 |     8 |     2 |       ||    25
       Dart              |       |       |       |     9 |     3 ||    12
       Javelin           |       |       |       |       |     1 ||     1
Invok: Divine Shield     |       |       |       |     2 |     2 ||     4
Evoke: Wand              |     9 |     7 |    42 |    36 |     8 ||   102
  Use: Scroll            |       |     9 |     4 |     2 |     3 ||    18
       Potion            |       |     2 |       |     4 |       ||     6
Armor: Leather armour    |    34 |    16 |       |       |    28 ||    78
       Chain mail        |       |    57 |   166 |   259 |       ||   482
       Scale mail        |       |       |       |     4 |    97 ||   101
Dodge: Dodged            |    55 |    48 |   109 |   314 |   129 ||   655
Block: Other             |       |       |       |    19 |       ||    19
       Buckler           |       |       |       |     5 |    48 ||    53

Table legend: (Time is in decaauts)
 A = Elapsed time spent in this place.
 B = Non-inter-level travel time spent in this place.
 C = Inter-level travel time spent in this place.
 D = Time resting spent in this place.
 E = Time spent auto-exploring this place.
 F = Levels seen in this place.
 G = Mean time per level.
                   A        B        C        D        E       F      G
               +--------+--------+--------+--------+--------+-----+--------+
         Total |   7988 |   7498 |    490 |    222 |   2957 |  17 |  469.9 |
       Dungeon |   6718 |   6306 |    412 |      0 |   2722 |  12 |  559.8 |
        Temple |    105 |     55 |     50 |      0 |     32 |   1 |  105.0 |
          Lair |    743 |    715 |     28 |      0 |    203 |   3 |  247.7 |
      Ice Cave |    421 |    421 |      0 |    222 |      0 |   1 |  421.0 |
               +--------+--------+--------+--------+--------+-----+--------+

Top non-repeatable levels by time:
    D:10: 985 daAuts
     D:7: 905 daAuts
     D:2: 718 daAuts
     D:5: 660 daAuts
  Lair:1: 617 daAuts
     D:4: 608 daAuts
     D:9: 603 daAuts
    D:11: 540 daAuts
     D:6: 536 daAuts
   IceCv: 421 daAuts
     D:8: 411 daAuts
     D:3: 360 daAuts
     D:1: 227 daAuts
    D:12: 159 daAuts
  Lair:4: 119 daAuts
